 Dungeon Crawl Stone Soup version 0.30-a0-782-ge64f9170bb (webtiles) character file.

Game seed: 10729210025729107284

25370 Dirtsage the Carver (level 12, -12/91 HPs)
             Began as a Demonspawn Fighter on Feb 26, 2023.
             Was an Elder of Wu Jian.
             Killed by divine providence
             ... invoked by a meliai
              (15 damage)
             ... on level 2 of the Lair of Beasts on Feb 27, 2023.
             The game lasted 00:26:26 (10499 turns).

Dirtsage the Carver (Demonspawn Fighter)           Turns: 10499, Time: 00:26:27

Health: -12/91     AC:  9    Str: 16    XL:     12   Next: 88%
Magic:  12/12      EV: 21    Int: 10    God:    Wu Jian [****..]
Gold:   647        SH: 11    Dex: 24    Spells: 11/11 levels left

rFire   + + .      SeeInvis .    a - +7 Throatcutter {drain, coup de grace}
rCold   . . .      Faith    .    c - +0 buckler
rNeg    . . .      Spirit   .    R - +3 leather armour of the Stonemason {rF++ Will+ rCorr Int-4}
rPois   .          Reflect  .    w - +1 hat {Will+}
rElec   .          Harm     .    p - +0 cloak
rCorr   +          Rampage  .    (no gloves)
Will    +++..      Clarity  +    u - +0 pair of boots
Stlth   +++++                    (no amulet)
HPRegen 0.35/turn                S - ring of willpower
MPRegen 0.13/turn                v - +5 ring of evasion

@: no status effects
A: thin skeletal structure 3, spiny 2, condensation shield, weakness stinger 1,
agile 1, clarity, clever 1
a: Renounce Religion, Wall Jump, Serpent's Lash


You were on level 2 of the Lair of Beasts.
You worshipped Wu Jian.
Wu Jian was greatly pleased with you.
You visited 3 branches of the dungeon, and saw 12 of its levels.
You also visited: Ossuary and Bailey.

You collected 647 gold pieces.

Inventory:

Hand Weapons
 a - the +7 Throatcutter (weapon) {drain, coup de grace}
   (You took it off Terence on level 3 of the Dungeon)
 b - a +0 scimitar of flaming
Missiles
 N - 3 throwing nets (quivered)
Armour
 c - a +0 buckler (worn)
 p - a +0 cloak (worn)
 u - a +0 pair of boots (worn)
 w - a +1 hat of willpower (worn)
 z - the +0 scale mail of Rirchacw {Dex+7}
   (You found it on level 4 of the Dungeon)

   Dex:       It affects your dexterity (+7).
 F - a +0 kite shield
 R - the +3 leather armour of the Stonemason (worn) {rF++ Will+ rCorr Int-4}
   (You took it off an orc on level 7 of the Dungeon)

   Int:       It affects your intelligence (-4).
   rF:        It greatly protects you from fire.
   rCorr:     It protects you from acid and corrosion.
   Will:      It increases your willpower.
Jewellery
 j - a ring of flight
 v - a +5 ring of evasion (right hand)
 y - a ring of magical power
 S - a ring of willpower (left hand)
 W - a ring of willpower
Wands
 i - a wand of flame (10)
 D - a wand of digging (9)
 Q - a wand of polymorph (14)
Scrolls
 f - 2 scrolls of amnesia {unknown}
 g - 3 scrolls of enchant armour
 h - 4 scrolls of fear {unknown}
 m - 2 scrolls of poison {unknown}
 o - 3 scrolls of blinking {unknown}
 s - a scroll of fog {unknown}
 t - 2 scrolls of teleportation
 B - a scroll of torment {unknown}
 G - a scroll of silence {unknown}
 I - a scroll of immolation {unknown}
 J - a scroll of summoning {unknown}
 L - 6 scrolls of enchant weapon {unknown}
 M - a scroll of noise {unknown}
 U - 2 scrolls of vulnerability
 V - a scroll of magic mapping
Potions
 d - a potion of might
 k - 3 potions of magic
 l - a potion of heal wounds
 n - 2 potions of resistance
 q - 2 potions of curing
 r - 3 potions of attraction
 x - 4 potions of flight
 A - 2 potions of ambrosia
 C - 2 potions of mutation
 E - a potion of lignification
 K - 2 potions of brilliance
 O - a potion of invisibility
 T - 3 potions of cancellation {unknown}
Miscellaneous
 P - a box of beasts


   Skills:
 + Level 7.2 Fighting
 - Level 14.0 Long Blades
 - Level 11.1 Axes
 - Level 2.6 Armour
 + Level 5.8 Dodging
 + Level 6.6 Shields


You had 11 spell levels left.
You didn't know any spells.
Your spell library contained the following spells:

 Spells                   Type           Power      Damage    Failure   Level
 Foxfire                  Conj/Fire      0%         2x1d4     50%         1
 Magic Dart               Conj           0%         1d3       50%         1
 Necrotise                Necr           0%         1d4       50%         1
 Call Imp                 Summ           0%         N/A       65%         2
 Inner Flame              Hex/Fire       0%         N/A       86%         3
 Mephitic Cloud           Conj/Pois/Air  0%         N/A       86%         3
 Vampiric Draining        Necr           0%         2d6       86%         3
 Animate Dead             Necr           0%         N/A       99%         4
 Flame Wave               Conj/Fire      0%         2d4       99%         4
 Sticky Flame             Conj/Fire      0%         2d3       99%         4
 Agony                    Necr           0%         N/A       100%        5
 Borgnjor's Vile Clutch   Necr/Erth      0%         N/A       100%        5
 Fireball                 Conj/Fire      0%         3d3       100%        5
 Death Channel            Necr           0%         N/A       100%        6
 Starburst                Conj/Fire      0%         6d3       100%        6


Dungeon Overview and Level Annotations

Branches:
Dungeon (9/15)             Temple (1/1) D:5            Lair (2/5) D:8
Ossuary (visited)          Bailey (visited)
  Swamp: Lair:2-3    Shoals: Lair:2-3     Snake: Lair:2-3    Spider: Lair:2-3
    Orc: D:9-12

Altars:
Cheibriados
Gozag
Hepliaklqana
Kikubaaqudgha
Makhleb
Okawaru
Qazlal
Ru
Trog
Uskayaw
Vehumet
Wu Jian
Xom
Yredelemnul

Annotations:
D:8 4 transporters


Innate Abilities, Weirdness & Mutations

You have an unnaturally thin skeletal structure. (Dex +6, Stealth+++)
You are mostly covered in sharp spines.
A meltable shield of frost defends you. (SH +4)
You have a small tail.
You are agile. (Dex +4, Str/Int -1)
You possess an exceptional clarity of mind.
Your mind is acute. (Int +4, Str/Dex -1)


Message History

You take 15 damage, and have 29/91 hp.
The killer bee buzzes angrily.
You hit the meliai. You drain the meliai.
The meliai is severely wounded.
You feel sick.
You hear an angry buzzing noise.
The meliai is struck by your spines. The meliai completely misses you.
You block the meliai's attack. The meliai closely misses you.
The meliai barely misses you.
You take 2 damage, and have 27/91 hp.
You barely miss the meliai.
Your tail-slap misses the meliai.
The meliai is almost dead.
You feel sick.
The meliai calls down the wrath of its god upon you.
Something smites you!
* * * LOW HITPOINT WARNING * * *
You take 15 damage, and have 12/91 hp.
You completely miss the meliai.
The meliai is almost dead.
You feel sick. You block the meliai's attack. The meliai closely misses you.
You block the meliai's attack. The meliai stings you.
* * * LOW HITPOINT WARNING * * *
You take 2 damage, and have 10/91 hp.
You feel better. The meliai hits you with a +0 war axe!
* * * LOW HITPOINT WARNING * * *
The meliai misses you. You block the meliai's attack.
The meliai barely misses you.
You regained 4 hp, and now have 14/91 hp.
You closely miss the meliai.
The meliai is almost dead.
The meliai mumbles some strange prayers to its god against you.
Something smites you!
* * * LOW HITPOINT WARNING * * *
You take 12 damage, and have 2/91 hp.
You closely miss the meliai.
The meliai is almost dead.
A killer bee comes into view.
The meliai mumbles some strange prayers to its god against you.
Something smites you!
You die...

.... #.......# #....
##...8.... #..#.###.........
#...#.#.....#.... .......
#..#......#...... #.......#
#....8..#....... #.......##
#..#...####.##.. #..
#.......P###.# #.+#..######.
#/. #........##@# ##....# ##
#..# #.......##y## ##...## #
..#.##.......#Y#######.....#
#
..##.#.Y....yY##..........P#
#
##Y......Y.YY..............#
##
...........................#
#.
Y........y.................#
#.
y......!...................P#
#.
............................#
..


You could see 4 yaks, a meliai (drained) and 2 killer bees.

Vanquished Creatures
  An orc warlord (Bailey)
  A hydra (Lair:2)
  Erica (Lair:1)
  Amaemon (D:8)
  Pikel (D:8)
  An oklob plant (Lair:1)
  A wolf spider (Lair:1)
  3 elephants (Lair:2)
  A black mamba (Lair:1)
  Joseph (D:7)
  An orange demon (D:8)
  3 cane toads (Lair:1)
  3 komodo dragons
  A troll (D:9)
  A polar bear (Lair:1)
  Grinder (D:6)
  A hornet (D:9)
  14 blink frogs (Lair:1)
  Sigmund (D:3)
  16 yaks
  3 wyverns
  2 humans (D:8)
  2 basilisks
  3 steam dragons
  4 water moccasins
  A sky beast (D:6)
  14 orc warriors
  An ice beast (D:5)
  An ogre (D:5)
  10 wolves (Lair:1)
  3 centaurs
  A phantom (D:6)
  2 kobold brigands
  6 bullfrogs
  2 necrophages
  2 gnoll sergeants
  2 scorpions
  A wight (D:9)
  2 killer bees
  5 howler monkeys
  3 centaur zombies (Ossuary)
  A gnoll bouda (D:8)
  6 orc priests
  3 jellies
  5 hounds
  Terence (D:3)
  5 iguanas
  8 orc wizards
  2 ogre zombies (Ossuary)
  8 mummies
  22 gnolls
  2 adders
  2 shadow imps
  An ufetubus (D:7)
  3 adder zombies (Ossuary)
  A worm (D:9)
  2 dart slugs
  46 orcs
  7 ball pythons
  2 bats (D:3)
  6 endoplasms
  5 giant cockroaches
  A gnoll zombie (Ossuary)
  31 goblins
  13 hobgoblins
  6 jackals
  21 kobolds
  7 quokkas
  4 frilled lizards
  3 goblin zombies (Ossuary)
  6 hobgoblin zombies
  2 kobold zombies (Ossuary)
  4 orc zombies (Ossuary)
  5 quokka zombies (Ossuary)
  4 rats
  3 rat zombies (Ossuary)
372 creatures vanquished.

Vanquished Creatures (others)
  A bush (Lair:2)
  A fungus (Lair:1)
  A plant (Lair:2)
3 creatures vanquished.

Grand Total: 375 creatures vanquished

Notes
Turn   | Place    | Note
-------+----------+-------------------------------------------
     0 | D:1      | Dirtsage the Demonspawn Fighter began the quest for the
                  | Orb.
     0 | D:1      | Reached XP level 1. HP: 18/18 MP: 1/1
    96 | D:1      | Gained mutation: You are partially covered in sharp spines.
                  | [demonic ancestry]
    96 | D:1      | Reached XP level 2. HP: 24/24 MP: 2/2
   405 | D:1      | Reached XP level 3. HP: 29/29 MP: 3/3
  1873 | D:3      | Noticed Sigmund
  1886 | D:3      | Reached skill level 10 in Axes
  1886 | D:3      | Gained mutation: You have a somewhat thin skeletal
                  | structure. (Dex +2, Stealth+) [demonic ancestry]
  1886 | D:3      | Reached XP level 4. HP: 10/35 MP: 4/4
  1888 | D:3      | Gained mutation: You possess an exceptional clarity of
                  | mind. [potion of mutation]
  1888 | D:3      | Gained mutation: Your mind is acute. (Int +4, Str/Dex -1)
                  | [potion of mutation]
  1888 | D:3      | Gained mutation: You are agile. (Dex +4, Str/Int -1)
                  | [potion of mutation]
  1888 | D:3      | Killed Sigmund
  1889 | D:3      | Gained mutation: A meltable shield of frost defends you.
                  | (SH +4) [demonic ancestry]
  1889 | D:3      | Reached XP level 5. HP: 12/41 MP: 5/5
  1889 | D:3      | Gained mutation: You have a moderately thin skeletal
                  | structure. (Dex +4, Stealth++) [demonic ancestry]
  1889 | D:3      | Reached XP level 6. HP: 14/47 MP: 6/6
  2066 | D:3      | Found a faded altar of an unknown god.
  2095 | D:3      | Noticed Terence
  2112 | D:3      | Killed Terence
  2983 | D:4      | Identified the +6 whip of Murchach {pain, rN+ Int+4 Dex-3
                  | Stlth+}
  2991 | D:4      | Found an opulent altar of Gozag.
  3356 | D:4      | Gained mutation: You have an unnaturally thin skeletal
                  | structure. (Dex +6, Stealth+++) [demonic ancestry]
  3356 | D:4      | Reached XP level 7. HP: 52/52 MP: 7/7
  3465 | D:4      | Identified the +0 scale mail of Rirchacw {Dex+7}
  3693 | D:5      | Entered Level 5 of the Dungeon
  3758 | D:5      | Reached skill level 1 in Long Blades
  3779 | D:5      | Reached skill level 2 in Long Blades
  4158 | D:5      | Found a staircase to the Ecumenical Temple.
  4166 | D:5      | Reached skill level 3 in Long Blades
  4168 | Temple   | Entered the Ecumenical Temple
  4208 | Temple   | Became a worshipper of the Wu Jian Council
  4257 | D:5      | Found a sand-covered staircase.
  4262 | Ossuary  | Entered an ossuary
  4353 | Ossuary  | Reached XP level 8. HP: 58/58 MP: 8/8
  4504 | Ossuary  | Reached * piety under Wu Jian
  4507 | Ossuary  | Reached skill level 4 in Long Blades
  5070 | D:5      | Reached ** piety under Wu Jian
  5071 | D:5      | Reached skill level 5 in Long Blades
  5400 | D:6      | Noticed Grinder
  5427 | D:6      | Paralysed by Grinder for 5 turns
  5429 | D:6      | Killed Grinder
  5430 | D:6      | Reached skill level 6 in Long Blades
  5525 | D:6      | Gained mutation: You are mostly covered in sharp spines.
                  | [demonic ancestry]
  5525 | D:6      | Reached XP level 9. HP: 63/63 MP: 9/9
  5535 | D:6      | Reached skill level 7 in Long Blades
  6110 | D:7      | Reached skill level 8 in Long Blades
  6247 | D:7      | Noticed Joseph
  6257 | D:7      | Killed Joseph
  6397 | D:7      | Identified the +3 leather armour of the Stonemason {rF++
                  | Will+ rCorr Int-4}
  6410 | D:7      | Reached *** piety under Wu Jian
  6504 | D:7      | Found a flagged portal.
  6517 | Bailey   | Entered a bailey
  6625 | Bailey   | Reached skill level 9 in Long Blades
  6625 | Bailey   | Gained mutation: You have a small tail. [demonic ancestry]
  6625 | Bailey   | Reached XP level 10. HP: 56/70 MP: 10/10
  6652 | Bailey   | Reached skill level 1 in Dodging
  6700 | Bailey   | Reached **** piety under Wu Jian
  6820 | Bailey   | Reached skill level 12 in Long Blades
  6820 | Bailey   | Reached XP level 11. HP: 76/76 MP: 11/11
  6831 | Bailey   | Noticed an orc warlord
  6840 | Bailey   | Killed an orc warlord
  6965 | D:7      | Found a basalt altar of Yredelemnul.
  7349 | D:8      | Found a transporter.
  7350 | D:8      | Noticed Amaemon
  7351 | D:8      | Found a transporter.
  7352 | D:8      | Found a transporter.
  7382 | D:8      | Found a transporter.
  7441 | D:8      | Killed Amaemon
  7908 | D:8      | Noticed Pikel
  7918 | D:8      | Killed Pikel
  7940 | D:8      | Found an iron altar of Okawaru.
  8142 | D:8      | Found a staircase to the Lair.
  8432 | D:9      | Found a snail-covered altar of Cheibriados.
  8433 | D:9      | Paralysed by a hornet for 3 turns
  8436 | D:9      | Reached skill level 13 in Long Blades
  8634 | D:9      | Reached skill level 5 in Fighting
  8666 | D:9      | Found a hazy altar of Hepliaklqana.
  8701 | D:9      | Noticed a fire dragon
  8703 | D:9      | Noticed a rakshasa
  8838 | Lair:1   | Entered Level 1 of the Lair of Beasts
  8989 | Lair:1   | Reached XP level 12. HP: 70/86 MP: 12/12
  9060 | Lair:1   | Noticed Erica
  9075 | Lair:1   | Killed Erica
  9076 | Lair:1   | Reached skill level 5 in Shields
  9077 | Lair:1   | Reached ***** piety under Wu Jian
  9636 | Lair:1   | Reached skill level 14 in Long Blades
  9636 | Lair:1   | Reached skill level 5 in Dodging
 10378 | Lair:2   | Noticed a four-headed hydra
 10399 | Lair:2   | Killed a one-headed hydra
 10498 | Lair:2   | HP: 2/91 [meliai/divine providence (12)]
 10499 | Lair:2   | Killed from afar by a meliai

Illustrated notes

Levels and vault maps discovered:
D:1:      heliophobic_arrival_battle_scene, layout_basic,
          minmay_misc_feat_encased, st_stairs_14, hangedman_decor_growths,
          minmay_pentomino_u2
D:2:      layout_loops_corners
D:3:      layout_basic, chequers_ecumenical_altar_simple, uniq_terence,
          uniq_sigmund
D:4:      layout_basic, mainiacjoe_overflow_alcove_1,
          chequers_serial_rivers_small_3, roderic_nine_men_s_morris
D:5:      layout_basic, minmay_temple_entry_mini_moons,
          nicolae_ossuary_entry_giza, minmay_ogre_servants
D:6:      layout_loops_ring, uniq_grinder
D:7:      layout_gridville, yredelemnul_altar_generic, enter_bailey_3,
          minmay_misc_feat_cross, grunt_ministairs_15, uniq_joseph
D:8:      layout_basic, zin_scriptorium, okawaru_humans, dpeg_oklobed_lair,
          minmay_misc_feat_room, supply_closet_lemuel,
          hangedman_abyss_or_decor_clamps, nicolae_diode_quadrants, uniq_pikel,
          uniq_amaemon
D:9:      minmay_the_grid_4x2 [minmay_the_grid_tree,
          minmay_the_grid_minigrid_medium, minmay_the_grid_minigrid_small_alt,
          minmay_the_grid_mess, minmay_the_grid_broken_lines,
          minmay_the_grid_square_x, minmay_the_grid_spin_star,
          minmay_the_grid_prize_big_room], layout_loops_ring, slow_altar_1,
          mainiacjoe_overflow_tiny_flanked, minivault_19
Temple:   regret_index_temple_waves
Lair:1:   layout_roguey, nicolae_quartered_pool_impasse,
          nicolae_lair_run_with_the_wolves, grunt_megastairs_2, uniq_erica
Lair:2:   layout_small_grid, hellmonk_spider_entry_not_the_bees,
          ebering_ghost_reflecting_pool, grunt_megastairs_4,
          serial_bayou_shore_a

Skill      XL: |  1  2  3  4  5  6  7  8  9 10 11 12 |
---------------+-------------------------------------+-----
Axes           | 2 3 10 11 | 11.1
Long Blades    | 3 6 9 12 13 14 | 14.0
Dodging        | 1 3 5 |  5.8
Shields        | 3 4 6 |  6.6
Fighting       | 5 7 |  7.2
Armour         | |  2.6

Action                     |  1- 3 |  4- 6 |  7- 9 | 10-12 || total
---------------------------+-------+-------+-------+-------++-------
  Melee: War axe           |    75 |    87 |     3 |       ||   165
         Long sword        |       |       |   252 |   352 ||   604
         Tailslap          |       |       |       |    56 ||    56
         Scimitar          |       |       |       |     4 ||     4
 Invoke: Serpent's Lash    |       |       |       |     1 ||     1
         Heavenly Storm    |       |       |       |     1 ||     1
Ability: Lunge             |       |       |    25 |    30 ||    55
         Whirlwind         |       |       |    39 |    71 ||   110
  Evoke: Wand              |       |       |       |     2 ||     2
    Use: Potion            |     1 |     2 |     1 |     5 ||     9
         Scroll            |       |       |       |    12 ||    12
   Stab: Sleeping          |       |     2 |    33 |    20 ||    55
         Invisible         |       |       |       |     2 ||     2
 Armour: Scale mail        |    26 |    17 |    31 |       ||    74
         Leather armour    |       |       |       |    27 ||    27
  Dodge: Dodged            |    31 |    20 |    75 |   128 ||   254
  Block: Buckler           |    12 |    40 |    96 |   109 ||   257

Table legend: (Time is in decaauts)
 A = Elapsed time spent in this place.
 B = Non-inter-level travel time spent in this place.
 C = Inter-level travel time spent in this place.
 D = Time resting spent in this place.
 E = Time spent auto-exploring this place.
 F = Levels seen in this place.
 G = Mean time per level.
                   A        B        C        D        E       F      G
               +--------+--------+--------+--------+--------+-----+--------+
         Total |  10510 |  10017 |    493 |    489 |   7410 |  14 |  750.7 |
       Dungeon |   7922 |   7481 |    441 |    276 |   5820 |   9 |  880.2 |
        Temple |     60 |     32 |     28 |      0 |      0 |   1 |   60.0 |
          Lair |   1625 |   1602 |     23 |    213 |   1123 |   2 |  812.5 |
       Ossuary |    471 |    471 |      0 |      0 |    279 |   1 |  471.0 |
        Bailey |    431 |    431 |      0 |      0 |    188 |   1 |  431.0 |
               +--------+--------+--------+--------+--------+-----+--------+

Top non-repeatable levels by time:
  Lair:1: 1509 daAuts
     D:8: 1167 daAuts
     D:3: 1071 daAuts
     D:4: 1048 daAuts
     D:5: 1010 daAuts
     D:1: 956 daAuts
     D:7: 833 daAuts
     D:2: 817 daAuts
     D:6: 674 daAuts
 Ossuary: 471 daAuts
  Bailey: 431 daAuts
     D:9: 343 daAuts
  Lair:2: 115 daAuts
  Temple: 60 daAuts
